 Dungeon Crawl Stone Soup version 0.18.1-48-g4cf74bf (webtiles) character file.

994 Gargoyl the Covered (level 7, -7/56 HPs)
             Began as a Demonspawn Abyssal Knight on July 21, 2016.
             Was a Priest of Lugonu.
             Killed from afar by ender666's ghost (29 damage)
             ... with a bolt of negative energy
             ... on level 5 of the Dungeon.
             The game lasted 00:10:40 (4277 turns).

Gargoyl the Covered (Demonspawn Abyssal Knight)     Turns: 4277, Time: 00:10:41

Health: -7/56      AC: 17    Str: 13 (14) XL:     7   Next: 99%
Magic:  9/9        EV:  3    Int: 12 (14) God:    Lugonu [***...]
Gold:   187        SH:  0    Dex: 10 (12) Spells: 0 memorised, 6 levels left

rFire  . . .     SeeInvis .     C - +0 war axe
rCold  . . .     Gourm    .     r - +0 plate armour
rNeg   . . .     Faith    +     (no shield)
rPois  .         Spirit   .     (helmet restricted)
rElec  .         Dismiss  .     (no cloak)
rCorr  .         Reflect  .     (no gloves)
SustAt .         Harm     .     A - +1 pair of boots
MR     .....                    x - amulet of faith
Stlth  ..........               (no ring)
                                (no ring)

@: very heavily drained, not resistant to hostile enchantments, extremely
unstealthy
A: horns 2, iridescent scales 1, demonic guardian 1
a: Depart the Abyss, Bend Space, Banish, Renounce Religion


You were on level 5 of the Dungeon.
You worshipped Lugonu.
Lugonu was most pleased with you.
You were hungry.

You visited 1 branch of the dungeon, and saw 7 of its levels.
You visited the Abyss 1 time.

You collected 187 gold pieces.

Inventory:

Hand Weapons
 C - a +0 war axe (weapon)
Missiles
 a - 8 javelins (quivered)
Armour
 r - a +0 plate armour (worn)
 A - a +1 pair of boots (worn)
Jewellery
 x - an amulet of faith (around neck)
Wands
 w - a wand of flame (22/48)
Scrolls
 h - 2 scrolls of teleportation
 i - 2 scrolls of identify
 j - 5 scrolls of remove curse
 m - 2 scrolls of fear {unknown}
 o - 3 scrolls of enchant weapon {unknown}
 p - 2 scrolls of blinking {unknown}
 s - a scroll of amnesia {unknown}
 y - 2 scrolls of random uselessness {unknown}
Potions
 f - a potion of haste {unknown}
 n - a potion of agility {unknown}
 q - a potion of resistance {unknown}
 u - a potion of cure mutation {unknown}
 v - a potion of degeneration
 z - a potion of invisibility {unknown}
Books
 l - a book of Clouds

   Spells                             Type                      Level
   a - Mephitic Cloud                 Conjuration/Poison/Air       3
   b - Conjure Flame                  Conjuration/Fire             3
   c - Poisonous Cloud                Conjuration/Poison/Air       6
   d - Freezing Cloud                 Conjuration/Ice/Air          6
   e - Ring of Flames                 Charms/Fire                  7
 t - a Grand Grimoire

   Spells                             Type                      Level
   a - Monstrous Menagerie            Summoning                    7
   b - Summon Greater Demon           Summoning                    7
   c - Malign Gateway                 Summoning/Translocation      7
   d - Summon Horrible Things         Summoning                    8
Comestibles
 c - 2 bread rations
 k - 5 meat rations
 B - a beef jerky


   Skills:
 + Level 5.4(2.3) Fighting
 + Level 3.9(1.0) Axes
 * Level 5.7(2.7) Armour
 + Level 2.4(0.0) Dodging
 + Level 0.6(0.0) Stealth
 + Level 3.4(0.6) Invocations


You had 6 spell levels left.
You didn't know any spells.

Dungeon Overview and Level Annotations

Branches:
Dungeon (7/15)             Temple (0/1) D:6

Altars:
Ashenzari
Fedhas
Kikubaaqudgha
Okawaru
Pakellas
Sif Muna
Zin

Shops:
D:4 %

Annotations:
D:5 ender666's ghost, novice DrAK


Innate Abilities, Weirdness & Mutations

You have a pair of horns on your head.
You are partially covered in iridescent scales (AC +4).
A weak demonic guardian rushes to your aid.


Message History

Ender666's ghost barely misses your quasit.
Unknown command.
You barely miss ender666's ghost.
Ender666's ghost is heavily damaged.
Your crimson imp disappears in a puff of smoke!
Your quasit closely misses ender666's ghost. x2
Your quasit claws ender666's ghost but does no damage.
The orc barely misses your quasit. Ender666's ghost barely misses you.
Your quasit misses ender666's ghost.
Your quasit claws ender666's ghost but does no damage.
Your quasit closely misses ender666's ghost.
You completely miss ender666's ghost. Your headbutt misses ender666's ghost.
Ender666's ghost is heavily damaged.
Your quasit misses ender666's ghost.
Your quasit barely misses ender666's ghost.
Your quasit misses ender666's ghost. The orc barely misses your quasit.
Ender666's ghost breathes negative energy at you.
The bolt of negative energy hits you!
You feel drained.
Ouch! That really hurt!
You die...

*,#.#..#######,.# *,,,,,,* *,*
*,#.....,,,,,,,.# *,,,,,,****,.
**.#############.#**,,,,,,*,*,#.
*,.......<........,,,,,,,,,*,#.#
**#######.######.#**,,,,,.#,#.#.
#.# *.# *,,,,,..#.#.# #.#
####o######**##.#.#.
####.###..W5......* #.#.#.#
#........§@......!* ##.#.#.
#........5........* #.#.#.#
#.......###.######* ##.#†#.
####.#### *.# #.#.#.# #.#
*.##########.#.#( #.#
*...........#.#.#
##.#################.#.#.
#............# #)#.#.#
############.# ##.#.#.


You could see ender666's ghost, an orc, a friendly quasit and a friendly crimson
imp.

Vanquished Creatures
  An ice beast (D:5)
  A giant frog (D:6)
  A scorpion (D:5)
  A crimson imp (D:6)
  A hound (D:4)
  A jelly (D:3)
  4 orc wizards
  3 orc priests
  Natasha (twice) (D:2)
  A hound skeleton (D:4)
  7 gnolls
  4 adders
  A worm (D:3)
  2 dart slugs (D:1)
  4 giant geckos
  7 orcs
  3 giant cockroaches
  10 goblins
  6 hobgoblins
  7 jackals
  2 quokkas
  6 bats
  2 giant newts
  3 kobolds
  7 rats
87 creatures vanquished.

Vanquished Creatures (collateral kills)
  Sigmund (D:2)
  An ogre (D:6)
  A hound (D:6)
  A gnoll (D:3)
  A giant gecko (D:2)
  7 orcs
12 creatures vanquished.

Vanquished Creatures (others)
  An ogre (D:7)
1 creature vanquished.

Grand Total: 100 creatures vanquished

Notes
Turn   | Place    | Note
--------------------------------------------------------------
     0 | Abyss:1  | Gargoyl the Demonspawn Abyssal Knight began the quest for the Orb.
     0 | Abyss:1  | Reached XP level 1. HP: 18/18 MP: 2/2
    58 | Abyss:1  | Noticed a small abomination
    64 | D:1      | Escaped the Abyss
   267 | D:1      | Gained mutation: You have a pair of small horns on your head. [demonic ancestry]
   267 | D:1      | Reached XP level 2. HP: 12/24 MP: 3/3
   441 | D:1      | Reached * piety under Lugonu
   702 | D:1      | Reached skill level 1 in Dodging
   841 | D:1      | Gained mutation: A weak demonic guardian rushes to your aid. [demonic ancestry]
   841 | D:1      | Reached XP level 3. HP: 28/29 MP: 4/4
   887 | D:2      | Noticed Sigmund
   896 | D:2      | Killed Sigmund
   896 | D:2      | Gained mutation: You are partially covered in iridescent scales (AC +4). [demonic ancestry]
   896 | D:2      | Reached XP level 4. HP: 32/37 MP: 4/6
   896 | D:2      | Reached XP level 5. HP: 36/42 MP: 4/7
  1024 | D:2      | Found a blossoming altar of Fedhas.
  1025 | D:2      | Found an iron altar of Okawaru.
  1025 | D:2      | Found an oddly glowing altar of Pakellas.
  1151 | D:2      | Found a glowing silver altar of Zin.
  1202 | D:2      | Noticed Natasha
  1208 | D:2      | Killed Natasha
  1326 | D:2      | Noticed Natasha
  1334 | D:2      | Killed Natasha
  1502 | D:3      | Reached ** piety under Lugonu
  1512 | D:3      | Gained mutation: You have a pair of horns on your head. [demonic ancestry]
  1512 | D:3      | Reached XP level 6. HP: 18/49 MP: 8/8
  1756 | D:3      | Found a deep blue altar of Sif Muna.
  2074 | D:3      | Found a shattered altar of Ashenzari.
  2568 | D:4      | Found an ancient bone altar of Kikubaaqudgha.
  2601 | D:4      | Found Urozeu's Food Shoppe.
  2945 | D:4      | Reached *** piety under Lugonu
  3281 | D:5      | Entered Level 5 of the Dungeon
  3282 | D:5      | Noticed ender666's ghost (novice DrAK)
  3372 | D:7      | Reached XP level 7. HP: 10/55 MP: 9/9
  3378 | D:7      | HP: 2/55 [adder (3)]
  3646 | D:6      | Reached skill level 5 in Fighting
  3646 | D:6      | Reached skill level 5 in Armour
  3727 | D:6      | Found a staircase to the Ecumenical Temple.
  4277 | D:5      | Killed from afar by ender666's ghost

Skill      XL: |  1  2  3  4  5  6  7 |
---------------+----------------------+-----
Armour         | 2 3 4 5 |  5.7
Dodging        | 1 2 |  2.4
Fighting       | 4 5 |  5.4
Axes           | 2 3 |  3.9
Invocations    | 3 |  3.4
Stealth        | |  0.6

Action                   |  1- 3 |  4- 6 |  7- 9 || total
-------------------------+-------+-------+-------++-------
Melee: Hand axe          |    73 |   195 |       ||   268
       Headbutt          |     6 |    32 |    15 ||    53
       War axe           |       |    10 |   117 ||   127
Invok: Depart the Abyss  |     1 |       |       ||     1
       Banish            |       |       |     1 ||     1
Evoke: Wand              |       |     1 |       ||     1
  Use: Potion            |     1 |     1 |     3 ||     5
       Scroll            |       |     4 |     1 ||     5
  Eat: Chunk             |       |     8 |     3 ||    11
Armor: Chain mail        |    62 |    16 |       ||    78
       Plate armour      |       |   169 |   148 ||   317
Dodge: Dodged            |    23 |    53 |    25 ||   101
